[Event "Bruges Masters 2018"]
[Site "Brugge"]
[Date "2018.08.16"]
[Round "3"]
[White "Rajesh, V A V"]
[Black "Dauw, Sterre"]
[Result "1-0"]
[ECO "A70"]
[WhiteElo "2325"]
[BlackElo "2192"]
[Annotator "NA"]
[PlyCount "59"]
[EventDate "2018.08.12"]
[EventType "swiss"]
[EventCountry "BEL"]
[SourceTitle "playchess.com"]
[Source "ChessBase"]
[SourceQuality "1"]
[TimeControl "5400+30"]

1. d4 Nf6 2. c4 c5 3. d5 e6 4. Nc3 exd5 5. cxd5 d6 6. Nf3 g6 7. Bf4 Bg7 8. Qa4+ Bd7 9. Qb3 Qc7 10. e4 O-O 11. Be2 Nh5 12. Be3 Na6 13. Nd2 Rab8 14. a4 Nb4 15. Nc4 f5 16. exf5 Bxf5 17. Nb5 Qe7 18. O-O Bc2 19. Qa3 Nf4 20. Bg4 a6 21. Nbxd6 b5 22. axb5 axb5 23. Bxf4 Rxf4 24. Be6+ Kh8 25. Qg3 Rbf8 26. Nc8 Rxc8 27. Qxf4 Rd8 28. Ne5 Bxe5 29. Qxe5+ Qg7 30. Qg5 1-0

[Event "Bruges Masters 2018"]
[Site "Brugge"]
[Date "2018.08.16"]
[Round "3"]
[White "Dardha, Daniel"]
[Black "Dgebuadze, Alexandre"]
[Result "1/2-1/2"]
[ECO "B31"]
[WhiteElo "2302"]
[BlackElo "2511"]
[Annotator "ChessBase"]
[PlyCount "84"]
[EventDate "2018.08.12"]
[EventType "swiss"]
[EventCountry "BEL"]
[SourceTitle "playchess.com"]
[Source "ChessBase"]
[SourceQuality "1"]
[TimeControl "5400+30"]

1. e4 c5 2. Nf3 Nc6 3. Bb5 g6 4. Bxc6 bxc6 5. O-O Bg7 6. Re1 Nh6 7. c3 O-O 8. d4 cxd4 9. cxd4 f6 10. Nc3 Nf7 11. Bf4 d6 12. h3 Qa5 13. Rc1 Rb8 14. b3 Rb7 15. Na4 Ng5 16. Nxg5 fxg5 17. Bg3 Rb4 18. e5 Qd5 19. exd6 exd6 20. Nc3 Qf5 21. d5 c5 22. Qc2 Qxc2 23. Rxc2 Bf5 24. Rcc1 Rd8 25. Nd1 a5 26. Ne3 a4 27. Nc4 axb3 28. axb3 Rxb3 29. Nxd6 Rd3 30. Ne8 R3xd5 31. Nxg7 Kxg7 32. Re7+ Kf6 33. Rxh7 Rd1+ 34. Rxd1 Rxd1+ 35. Kh2 Bd7 36. h4 c4 37. hxg5+ Ke6 38. Rg7 c3 39. Rxg6+ Kf5 40. Rf6+ Kxg5 41. Rf3 c2 42. Bf4+ Kg4 1/2-1/2

[Event "Bruges Masters 2018"]
[Site "Brugge"]
[Date "2018.08.16"]
[Round "3"]
[White "Ratsma, Rosa"]
[Black "Lai, Hing Ting"]
[Result "0-1"]
[ECO "B11"]
[WhiteElo "2286"]
[BlackElo "2459"]
[Annotator "ChessBase"]
[PlyCount "84"]
[EventDate "2018.08.12"]
[EventType "swiss"]
[EventCountry "BEL"]
[SourceTitle "playchess.com"]
[Source "ChessBase"]
[SourceQuality "1"]
[TimeControl "5400+30"]

1. e4 c6 2. Nc3 d5 3. Nf3 Nf6 4. e5 Ne4 5. Ne2 Qb6 6. d4 e6 7. Ng3 c5 8. c3 Nc6 9. Bd3 Nxg3 10. hxg3 Bd7 11. Kf1 cxd4 12. cxd4 Nb4 13. Be2 Rc8 14. Bd2 Bb5 15. Bc3 Be7 16. g4 a5 17. a4 Bc4 18. g3 Qa6 19. Bxc4 dxc4 20. Nd2 Qc6 21. Qf3 O-O 22. Qxc6 Rxc6 23. Ke2 f5 24. gxf5 Rxf5 25. f4 Rf8 26. Raf1 Nd5 27. Rf3 Bb4 28. Rhf1 h5 29. Kf2 g5 30. Bxb4 Nxb4 31. Kg2 g4 32. Ra3 Rd8 33. Ne4 Rxd4 34. Nf6+ Kf7 35. Rf2 Nd3 36. Re2 Kg6 37. Ne8 Rb6 38. Nd6 Rxb2 39. Rxb2 Nxb2 40. Nxb7 Rd3 41. Ra2 c3 42. Nc5 c2 0-1

[Event "Bruges Masters 2018"]
[Site "Brugge"]
[Date "2018.08.16"]
[Round "3"]
[White "Pel, Bonno"]
[Black "Geirnaert, Steven"]
[Result "1-0"]
[ECO "A00"]
[WhiteElo "2281"]
[BlackElo "2427"]
[Annotator "ChessBase"]
[PlyCount "118"]
[EventDate "2018.08.12"]
[EventType "swiss"]
[EventCountry "BEL"]
[SourceTitle "playchess.com"]
[Source "ChessBase"]
[SourceQuality "1"]
[TimeControl "5400+30"]

1. g3 d5 2. Bg2 e5 3. d3 Nf6 4. Nf3 Bd6 5. O-O O-O 6. Nc3 Re8 7. Bg5 c6 8. e4 d4 9. Ne2 h6 10. Bd2 c5 11. Ne1 Nc6 12. f4 c4 13. Kh1 cxd3 14. cxd3 Bb4 15. Bxb4 Nxb4 16. fxe5 Ng4 17. Qb3 Nc6 18. Qxf7+ Kh7 19. Nf3 Ne3 20. Nf4 Nxf1 21. Rxf1 Rf8 22. Qg6+ Kh8 23. Qh5 Qe8 24. Ng6+ Kg8 25. g4 Be6 26. Nxf8 Qxh5 27. gxh5 Rxf8 28. a3 Bg4 29. h3 Bxh5 30. e6 Re8 31. Nh4 Rxe6 32. Bf3 Rf6 33. Kg2 Bf7 34. Rc1 Be6 35. Rc5 g5 36. Nf5 Bxf5 37. exf5 Kf7 38. Bd5+ Ke7 39. Be6 Rf8 40. Kf3 Kf6 41. Ke4 h5 42. b4 Re8 43. b5 Nd8 44. Rc8 b6 45. a4 Nb7 46. Rc7 Nc5+ 47. Kd5 Nxe6 48. fxe6 Re7 49. Rd7 h4 50. Rd8 Rxe6 51. Rf8+ Ke7 52. Rg8 Re3 53. Kxd4 Rxh3 54. Rxg5 Rg3 55. Re5+ Kf6 56. Rh5 Rg4+ 57. Kd5 Rg5+ 58. Rxg5 Kxg5 59. Ke4 Kg4 1-0

[Event "Bruges Masters 2018"]
[Site "Brugge"]
[Date "2018.08.16"]
[Round "3"]
[White "Boffa, Mauro"]
[Black "De Jong, Migchiel"]
[Result "0-1"]
[ECO "C16"]
[WhiteElo "2216"]
[BlackElo "2339"]
[Annotator "NA"]
[PlyCount "84"]
[EventDate "2018.08.12"]
[EventType "swiss"]
[EventCountry "BEL"]
[SourceTitle "playchess.com"]
[Source "ChessBase"]
[SourceQuality "1"]
[TimeControl "5400+30"]

1. d4 e6 2. e4 d5 3. Nc3 Bb4 4. a3 Bxc3+ 5. bxc3 Ne7 6. Qg4 Ng6 7. e5 b6 8. Nh3 Ba6 9. Ng5 Bxf1 10. Kxf1 Qd7 11. h4 h6 12. Nf3 h5 13. Qg5 Qa4 14. Qd2 c5 15. Rh3 Nc6 16. Rg3 Rc8 17. Ng5 Nce7 18. Rf3 Rf8 19. Nh7 Rg8 20. Ng5 Nf5 21. Rxf5 exf5 22. e6 f6 23. Nf7 Ke7 24. Ng5 cxd4 25. Qd1 d3 26. Qxh5 Qg4 27. Qxg4 fxg4 28. h5 Ne5 29. Nf7 d2 30. Bxd2 Nc4 31. h6 Nxd2+ 32. Ke2 Ne4 33. h7 Rh8 34. Nxh8 Rxh8 35. Rh1 g3 36. f3 Ng5 37. f4 Rxh7 38. Rxh7 Nxh7 39. f5 Ng5 40. Ke3 g6 41. fxg6 Nxe6 42. Kf3 f5 0-1

[Event "Bruges Masters 2018"]
[Site "Brugge"]
[Date "2018.08.16"]
[Round "3"]
[White "Den Hartog, Marijn"]
[Black "Ravi, Teja S."]
[Result "1-0"]
[ECO "B12"]
[WhiteElo "2118"]
[BlackElo "2374"]
[Annotator "ChessBase"]
[PlyCount "57"]
[EventDate "2018.08.12"]
[EventType "swiss"]
[EventCountry "BEL"]
[SourceTitle "playchess.com"]
[Source "ChessBase"]
[SourceQuality "1"]
[TimeControl "5400+30"]

1. e4 c6 2. d4 d5 3. e5 Bf5 4. Nf3 e6 5. Be2 c5 6. Be3 cxd4 7. Nxd4 Ne7 8. Nd2 Nbc6 9. N2f3 Be4 10. O-O Ng6 11. Bb5 Qc7 12. Ng5 Ngxe5 13. c4 a6 14. Ba4 Bd6 15. Ngxe6 fxe6 16. Nxe6 Qd7 17. cxd5 b5 18. Bb3 Nd8 19. Qd4 Bf5 20. f4 Nef7 21. Nxg7+ Kf8 22. Qf6 Bd3 23. Ne6+ Ke8 24. Rfe1 Rg8 25. Bb6 Be7 26. Nxd8 Nxd8 27. Bc5 Rxg2+ 28. Kxg2 Qg4+ 29. Kf2 1-0

[Event "Bruges Masters 2018"]
[Site "Brugge"]
[Date "2018.08.16"]
[Round "3"]
[White "Chaerle, Josse"]
[Black "Bisby, Daniel L"]
[Result "0-1"]
[ECO "E94"]
[WhiteElo "1996"]
[BlackElo "2314"]
[Annotator "NA"]
[PlyCount "84"]
[EventDate "2018.08.12"]
[EventType "swiss"]
[EventCountry "BEL"]
[SourceTitle "playchess.com"]
[Source "ChessBase"]
[SourceQuality "1"]
[TimeControl "5400+30"]

1. Nf3 d6 2. d4 Nf6 3. c4 g6 4. Nc3 Bg7 5. e4 O-O 6. h3 Nbd7 7. Be2 e5 8. dxe5 dxe5 9. Be3 c6 10. Qc2 Qe7 11. O-O Nh5 12. Rfe1 Nf4 13. Bf1 Qf6 14. Nd2 Ne6 15. b4 Nd4 16. Qb2 Rd8 17. Rad1 Nf8 18. c5 Nfe6 19. Nc4 Nf4 20. Bxf4 Qxf4 21. Ne2 Qg5 22. Nxd4 exd4 23. Qb3 Be6 24. Qf3 b6 25. cxb6 axb6 26. a3 Rab8 27. Nb2 c5 28. Rc1 Qe7 29. b5 Ra8 30. Nc4 Bxc4 31. Bxc4 d3 32. Red1 Rxa3 33. Bd5 Bb2 34. Rb1 d2 35. Qxf7+ Qxf7 36. Bxf7+ Kxf7 37. Rxb2 Rad3 38. Rc2 R8d4 39. Kf1 c4 40. f3 c3 41. Ke2 Ke6 42. Ra2 g5 0-1

[Event "Bruges Masters 2018"]
[Site "Brugge"]
[Date "2018.08.16"]
[Round "4"]
[White "Nikolov, Momchil"]
[Black "Shyaamnikhil P"]
[Result "1/2-1/2"]
[ECO "E70"]
[WhiteElo "2549"]
[BlackElo "2389"]
[Annotator "ChessBase"]
[PlyCount "108"]
[EventDate "2018.08.12"]
[EventType "swiss"]
[EventCountry "BEL"]
[SourceTitle "playchess.com"]
[Source "ChessBase"]
[SourceQuality "1"]
[TimeControl "5400+30"]

1. d4 Nf6 2. c4 g6 3. Nc3 c5 4. d5 Bg7 5. e4 O-O 6. f3 e6 7. Nh3 a6 8. a4 exd5 9. cxd5 d6 10. Nf2 Ne8 11. Bf4 Nd7 12. Qd2 f5 13. exf5 gxf5 14. Be2 Ne5 15. O-O Ng6 16. Bg5 Qc7 17. Nh3 Qf7 18. Nf4 Nc7 19. Nxg6 Qxg6 20. a5 Bd7 21. Rae1 Rae8 22. Bf4 Rf7 23. Bc4 Rfe7 24. Rxe7 Rxe7 25. Re1 Rxe1+ 26. Qxe1 Qf6 27. Ne2 Be8 28. b3 Bf7 29. Qd2 Nb5 30. h3 Qa1+ 31. Kh2 Qf6 32. Qd3 Be8 33. Bg3 Bd7 34. Qe3 Kf7 35. Bf4 Qe7 36. Qf2 Bf6 37. Ng3 Bd4 38. Qd2 Be5 39. Bxe5 Qxe5 40. Qh6 Qg7 41. Qh4 Ke8 42. f4 Qe7 43. Qh5+ Qf7 44. Qg5 Qg6 45. Nh5 Bc8 46. Qh4 h6 47. Qe1+ Kd7 48. Ng3 Kd8 49. b4 Qe8 50. Qd2 Bd7 51. Bxb5 axb5 52. bxc5 dxc5 53. Qc3 Qe7 54. Qh8+ Kc7 1/2-1/2

[Event "Bruges Masters 2018"]
[Site "Brugge"]
[Date "2018.08.16"]
[Round "4"]
[White "Zeng, Chongsheng"]
[Black "Gevorgyan, Maria"]
[Result "1-0"]
[ECO "D27"]
[WhiteElo "2539"]
[BlackElo "2228"]
[Annotator "ChessBase"]
[PlyCount "77"]
[EventDate "2018.08.12"]
[EventType "swiss"]
[EventCountry "BEL"]
[SourceTitle "playchess.com"]
[Source "ChessBase"]
[SourceQuality "1"]
[TimeControl "5400+30"]

1. d4 d5 2. c4 dxc4 3. e3 e6 4. Bxc4 Nf6 5. Nf3 a6 6. O-O c5 7. e4 Nxe4 8. d5 Nd6 9. dxe6 fxe6 10. Bd3 Nc6 11. Ng5 g6 12. Nc3 Be7 13. h4 Nf5 14. g3 h6 15. Nf3 Nb4 16. Be4 Qxd1 17. Rxd1 Nc6 18. Bf4 Bd7 19. Na4 Ncd4 20. Nb6 Rd8 21. Nxd4 cxd4 22. Bc7 Bc6 23. Bxc6+ bxc6 24. Rac1 Kf7 25. Bxd8 Rxd8 26. Rxc6 Bf6 27. Nc4 Ra8 28. Re1 Ng7 29. Nd6+ Kf8 30. Ne4 Be7 31. Rd1 e5 32. Rxg6 h5 33. Rh6 Kf7 34. Rd3 a5 35. Rc6 a4 36. Rf3+ Kg8 37. Rc7 Bf8 38. Nf6+ Kh8 39. Rf5 1-0

[Event "Bruges Masters 2018"]
[Site "Brugge"]
[Date "2018.08.16"]
[Round "4"]
[White "Dgebuadze, Alexandre"]
[Black "Decrop, Benjamin"]
[Result "1-0"]
[ECO "B47"]
[WhiteElo "2511"]
[BlackElo "2211"]
[Annotator "ChessBase"]
[PlyCount "89"]
[EventDate "2018.08.12"]
[EventType "swiss"]
[EventCountry "BEL"]
[SourceTitle "playchess.com"]
[Source "ChessBase"]
[SourceQuality "1"]
[TimeControl "5400+30"]

1. e4 c5 2. Nc3 Nc6 3. Nge2 e6 4. d4 cxd4 5. Nxd4 Qc7 6. Ndb5 Qb8 7. g3 a6 8. Nd4 Nf6 9. Bg2 Qc7 10. O-O Nxd4 11. Qxd4 Bc5 12. Bf4 d6 13. Qd2 h6 14. Rad1 e5 15. Be3 Be6 16. Bxc5 dxc5 17. f4 O-O 18. Qd6 Qxd6 19. Rxd6 Rfd8 20. Rfd1 Rxd6 21. Rxd6 Kf8 22. Bf3 Ke7 23. fxe5 Nd7 24. Nd5+ Bxd5 25. Rxd5 Rd8 26. Kf2 b6 27. Bh5 g6 28. Bg4 Nf8 29. Be2 a5 30. Bc4 Rd7 31. Ke3 g5 32. Bb5 Rd8 33. Kd3 Ne6 34. Bc4 Rd7 35. c3 Nf8 36. Bb5 Rd8 37. Rxd8 Kxd8 38. Kc4 Ne6 39. Kd5 Nc7+ 40. Kc6 Nxb5 41. Kxb5 Kc7 42. g4 Kb7 43. a4 Kc7 44. Kc4 Kc6 45. b3 1-0

[Event "Bruges Masters 2018"]
[Site "Brugge"]
[Date "2018.08.16"]
[Round "4"]
[White "Wan, Yunguo"]
[Black "Turner, Matthew J"]
[Result "1-0"]
[ECO "C54"]
[WhiteElo "2501"]
[BlackElo "2533"]
[Annotator "ChessBase"]
[PlyCount "173"]
[EventDate "2018.08.12"]
[EventType "swiss"]
[EventCountry "BEL"]
[SourceTitle "playchess.com"]
[Source "ChessBase"]
[SourceQuality "1"]
[TimeControl "5400+30"]

1. e4 e5 2. Nf3 Nc6 3. Bc4 Bc5 4. c3 Nf6 5. d4 exd4 6. e5 d5 7. Bb5 Ne4 8. cxd4 Be7 9. Nc3 O-O 10. h3 f6 11. O-O Nxc3 12. bxc3 fxe5 13. dxe5 Nb8 14. Bd3 Nd7 15. Qc2 Rxf3 16. gxf3 Nf8 17. Bf5 g6 18. Bxc8 Qxc8 19. Qd3 Qxh3 20. Qxd5+ Ne6 21. Qe4 Rf8 22. Qg4 Rxf3 23. Qxh3 Rxh3 24. Be3 b6 25. Kg2 Rh5 26. f4 Rf5 27. Kf3 Ng5+ 28. Ke2 Ne4 29. Kd3 Ng3 30. Rf3 Nh5 31. a4 Kf7 32. Ke4 Ke6 33. Rh3 a5 34. Rd1 Rf7 35. Rd2 Bc5 36. Bxc5 Rxf4+ 37. Ke3 Rxa4 38. Bf8 Rc4 39. Kd3 b5 40. Kc2 b4 41. Rd4 Rc6 42. Kb3 bxc3 43. Rxc3 Rxc3+ 44. Kxc3 Kxe5 45. Rd7 Nf6 46. Re7+ Kf5 47. Kd2 h5 48. Rf7 Ke6 49. Rxc7 g5 50. Ke2 h4 51. Kf3 g4+ 52. Kg2 Nd5 53. Rc6+ Kf5 54. Bh6 h3+ 55. Kg3 Nf6 56. Ra6 Ne4+ 57. Kh2 Nc3 58. Rxa5+ Ke4 59. Rg5 Kf3 60. Rf5+ Ke2 61. Rf4 Kd3 62. Rxg4 Ne4 63. Rg8 Nf2 64. Bf4 Ke4 65. Bg3 Nd3 66. Kxh3 Nc5 67. Kg4 Ne6 68. Ra8 Nd4 69. Re8+ Kd5 70. Kf4 Ne6+ 71. Ke3 Nc5 72. Rd8+ Kc4 73. Rd4+ Kb5 74. Bd6 Ne6 75. Re4 Nd8 76. Kd4 Kc6 77. Bc5 Nb7 78. Re6+ Kd7 79. Rh6 Nd8 80. Kd5 Nf7 81. Re6 Nd8 82. Re7+ Kc8 83. Bb6 Nb7 84. Kc6 Nd8+ 85. Bxd8 Kxd8 86. Re6 Kc8 87. Re8# 1-0

[Event "Bruges Masters 2018"]
[Site "Brugge"]
[Date "2018.08.16"]
[Round "4"]
[White "Van Foreest, Lucas"]
[Black "Damen, Jip"]
[Result "1/2-1/2"]
[ECO "B06"]
[WhiteElo "2488"]
[BlackElo "2183"]
[Annotator "ChessBase"]
[PlyCount "75"]
[EventDate "2018.08.12"]
[EventType "swiss"]
[EventCountry "BEL"]
[SourceTitle "playchess.com"]
[Source "ChessBase"]
[SourceQuality "1"]
[TimeControl "5400+30"]

1. e4 g6 2. d4 d6 3. Nc3 Bg7 4. Be3 a6 5. h4 h5 6. Nh3 Bxh3 7. Rxh3 Nd7 8. f3 Rc8 9. Qd2 c5 10. O-O-O Qa5 11. Kb1 cxd4 12. Bxd4 Bxd4 13. Qxd4 Ngf6 14. Qd2 Qc5 15. Be2 b5 16. Rhh1 Nb6 17. a3 Rc7 18. g4 hxg4 19. fxg4 Qe5 20. g5 Rxc3 21. gxf6 Na4 22. fxe7 Rh3 23. c3 Rxh1 24. Rxh1 Kxe7 25. Bf3 Nc5 26. Qf2 Qf4 27. e5 Ne6 28. exd6+ Qxd6 29. Ka1 Qc5 30. Qe2 a5 31. Bg4 Qc4 32. Qe5 f6 33. Qg3 Qf4 34. Qg2 f5 35. Be2 b4 36. cxb4 axb4 37. Qb7+ Kf6 38. Qxb4 1/2-1/2

[Event "Bruges Masters 2018"]
[Site "Brugge"]
[Date "2018.08.16"]
[Round "4"]
[White "Lai, Hing Ting"]
[Black "Rajesh, V A V"]
[Result "0-1"]
[ECO "A36"]
[WhiteElo "2459"]
[BlackElo "2325"]
[Annotator "ChessBase"]
[PlyCount "84"]
[EventDate "2018.08.12"]
[EventType "swiss"]
[EventCountry "BEL"]
[SourceTitle "playchess.com"]
[Source "ChessBase"]
[SourceQuality "1"]
[TimeControl "5400+30"]

1. c4 Nf6 2. g3 c5 3. Bg2 Nc6 4. Nc3 e5 5. e3 d6 6. Nge2 Be6 7. Nd5 Be7 8. O-O O-O 9. b3 Qd7 10. Nxe7+ Nxe7 11. d4 exd4 12. exd4 Bh3 13. Bb2 Bxg2 14. Kxg2 Ng6 15. Qd3 Rfe8 16. h3 Ne4 17. Rad1 Qe6 18. Ng1 d5 19. dxc5 dxc4 20. Qd4 Qe5 21. Qxe5 Nxe5 22. Bxe5 Rxe5 23. Rfe1 Re6 24. b4 a5 25. a3 g6 26. Ne2 axb4 27. axb4 Ra2 28. Rd8+ Kg7 29. Nf4 Re5 30. Kg1 c3 31. Rd3 c2 32. Rde3 Ng5 33. Rxe5 Nf3+ 34. Kg2 Nxe5 35. h4 Rb2 36. Rc1 Nc6 37. b5 Nd4 38. c6 bxc6 39. bxc6 Nxc6 40. Nd3 Ra2 41. f3 Nd4 42. Ne1 Ra3 0-1

[Event "Bruges Masters 2018"]
[Site "Brugge"]
[Date "2018.08.16"]
[Round "4"]
[White "Geirnaert, Steven"]
[Black "Den Hartog, Marijn"]
[Result "1-0"]
[ECO "A65"]
[WhiteElo "2427"]
[BlackElo "2118"]
[Annotator "ChessBase"]
[PlyCount "83"]
[EventDate "2018.08.12"]
[EventType "swiss"]
[EventCountry "BEL"]
[SourceTitle "playchess.com"]
[Source "ChessBase"]
[SourceQuality "1"]
[TimeControl "5400+30"]

1. d4 Nf6 2. c4 g6 3. f3 Bg7 4. e4 d6 5. Nc3 O-O 6. Nge2 c5 7. d5 e6 8. Bg5 exd5 9. cxd5 a6 10. a4 Re8 11. Qd2 Qa5 12. Ra3 Nbd7 13. Nc1 Rb8 14. Be2 Qc7 15. Be3 b6 16. O-O Ne5 17. Nb3 h5 18. h3 Qe7 19. Bg5 Ned7 20. Raa1 Qf8 21. Rae1 Nh7 22. Be3 Ndf6 23. Bc4 h4 24. Qd3 Ra8 25. Bf2 Nh5 26. Bxh4 g5 27. Bf2 Nf4 28. Qd2 Be5 29. Be3 Qh6 30. Rf2 Nf6 31. Bf1 Qh4 32. Ne2 N6h5 33. Nbc1 f5 34. exf5 Bxf5 35. g4 Ng3 36. Bxf4 Bxf4 37. Nxf4 gxf4 38. gxf5 Nxf5 39. Rg2+ Ng3 40. Ne2 Rf8 41. Nxg3 fxg3 42. Re4 1-0

[Event "Bruges Masters 2018"]
[Site "Brugge"]
[Date "2018.08.16"]
[Round "4"]
[White "Chernov, Vadim"]
[Black "Beckett, Chris J"]
[Result "1/2-1/2"]
[ECO "C07"]
[WhiteElo "2412"]
[BlackElo "2155"]
[Annotator "ChessBase"]
[PlyCount "38"]
[EventDate "2018.08.12"]
[EventType "swiss"]
[EventCountry "BEL"]
[SourceTitle "playchess.com"]
[Source "ChessBase"]
[SourceQuality "1"]
[TimeControl "5400+30"]

1. e4 e6 2. d4 d5 3. Nd2 c5 4. Ngf3 cxd4 5. exd5 Qxd5 6. Bc4 Qd7 7. O-O Nc6 8. Nb3 a6 9. Nbxd4 Nxd4 10. Nxd4 Qc7 11. Qe2 Bd6 12. Re1 Ne7 13. h3 O-O 14. Bd3 Ng6 15. Qe4 Bd7 16. Bd2 b5 17. g3 Rae8 18. Qg2 Ne5 19. Be2 Bc5 1/2-1/2

[Event "Bruges Masters 2018"]
[Site "Brugge"]
[Date "2018.08.16"]
[Round "4"]
[White "De Jong, Migchiel"]
[Black "Tomov, Georgi"]
[Result "0-1"]
[ECO "B18"]
[WhiteElo "2339"]
[BlackElo "2307"]
[Annotator "NA"]
[PlyCount "68"]
[EventDate "2018.08.12"]
[EventType "swiss"]
[EventCountry "BEL"]
[SourceTitle "playchess.com"]
[Source "ChessBase"]
[SourceQuality "1"]
[TimeControl "5400+30"]

1. e4 c6 2. d4 d5 3. Nd2 dxe4 4. Nxe4 Bf5 5. Ng3 Bg6 6. Nh3 Nf6 7. c3 Nbd7 8. Nf4 Qc7 9. Bc4 e5 10. Nxg6 hxg6 11. O-O Bd6 12. Re1 Kf8 13. Bg5 e4 14. Qd2 Re8 15. h3 Nb6 16. Bb3 Nbd5 17. Ne2 Rh5 18. Be3 g5 19. Bxd5 Nxd5 20. Bxg5 Re6 21. c4 Rg6 22. h4 Bb4 23. Nc3 Rgxg5 24. cxd5 Rg4 25. g3 cxd5 26. Rac1 Qd7 27. a3 Bd6 28. Kf1 Bxg3 29. fxg3 Rxg3 30. Qh2 Qf5+ 31. Qf2 Rf3 32. Re2 Rxh4 33. Ke1 Rxf2 34. Rxf2 Rh1+ 0-1

[Event "Bruges Masters 2018"]
[Site "Brugge"]
[Date "2018.08.16"]
[Round "4"]
[White "Bisby, Daniel L"]
[Black "Mehar, Chinna Reddy C H"]
[Result "1/2-1/2"]
[ECO "A07"]
[WhiteElo "2314"]
[BlackElo "2345"]
[Annotator "NA"]
[PlyCount "21"]
[EventDate "2018.08.12"]
[EventType "swiss"]
[EventCountry "BEL"]
[SourceTitle "playchess.com"]
[Source "ChessBase"]
[SourceQuality "1"]
[TimeControl "5400+30"]

1. Nf3 d5 2. g3 Bg4 3. Bg2 Nd7 4. O-O Ngf6 5. d3 e5 6. Nbd2 Bc5 7. e4 dxe4 8. dxe4 O-O 9. Qe2 Qe7 10. h3 Bxf3 11. Nb1 1/2-1/2

[Event "Bruges Masters 2018"]
[Site "Brugge"]
[Date "2018.08.16"]
[Round "4"]
[White "Townsend, M Paul"]
[Black "Korneev, Oleg"]
[Result "0-1"]
[ECO "D12"]
[WhiteElo "2246"]
[BlackElo "2513"]
[Annotator "ChessBase"]
[PlyCount "88"]
[EventDate "2018.08.12"]
[EventType "swiss"]
[EventCountry "BEL"]
[SourceTitle "playchess.com"]
[Source "ChessBase"]
[SourceQuality "1"]
[TimeControl "5400+30"]

1. d4 d5 2. c4 c6 3. Nf3 Nf6 4. e3 Bf5 5. Nc3 e6 6. Nh4 Be4 7. f3 Bg6 8. Qb3 Qc7 9. g3 Be7 10. Bd2 Bh5 11. Be2 Nfd7 12. Ng2 Nb6 13. c5 Nc4 14. Nf4 Nxd2 15. Kxd2 Bg6 16. Nxg6 hxg6 17. Qc2 e5 18. Rad1 Nd7 19. Ke1 exd4 20. exd4 Nf8 21. Kf2 Ne6 22. Bf1 g5 23. Kg2 Bf6 24. Ne2 g6 25. Qd2 Kf8 26. h3 Kg7 27. Rh2 b6 28. cxb6 axb6 29. b3 Ra3 30. Rc1 Rha8 31. Rc2 Qa7 32. Rxc6 Rxa2 33. Rc2 Rxc2 34. Qxc2 Bxd4 35. Nxd4 Nxd4 36. Qd3 Qa1 37. Kg1 Nf5 38. Rd2 Nxg3 39. Rd1 Qe5 40. Qd2 Nf5 41. Bg2 Ra3 42. Re1 Qd4+ 43. Qxd4+ Nxd4 44. Rd1 Ne2+ 0-1

[Event "Bruges Masters 2018"]
[Site "Brugge"]
[Date "2018.08.16"]
[Round "4"]
[White "Mesman, Edwyn"]
[Black "Koziak, Vitali"]
[Result "1/2-1/2"]
[ECO "A73"]
[WhiteElo "2154"]
[BlackElo "2476"]
[Annotator "ChessBase"]
[PlyCount "61"]
[EventDate "2018.08.12"]
[EventType "swiss"]
[EventCountry "BEL"]
[SourceTitle "playchess.com"]
[Source "ChessBase"]
[SourceQuality "1"]
[TimeControl "5400+30"]

1. d4 Nf6 2. c4 e6 3. Nc3 c5 4. d5 exd5 5. cxd5 d6 6. Nf3 g6 7. Nd2 Nbd7 8. e4 Bg7 9. Be2 O-O 10. O-O Ne8 11. Re1 Nc7 12. a4 a6 13. Nc4 Qe7 14. Bf1 Re8 15. f4 Bd4+ 16. Be3 Qf6 17. Qf3 Rb8 18. Rab1 b5 19. axb5 axb5 20. Na5 Bxc3 21. bxc3 Qxc3 22. Nc6 Rb6 23. e5 Bb7 24. exd6 Nxd5 25. Qxd5 Rxe3 26. Ne7+ Kf8 27. Rec1 Qf6 28. Qd2 Qxf4 29. Rd1 Re4 30. Qxf4 Rxf4 31. Bxb5 1/2-1/2

[Event "Bruges Masters 2018"]
[Site "Brugge"]
[Date "2018.08.16"]
[Round "5"]
[White "Turner, Matthew J"]
[Black "Bisby, Daniel L"]
[Result "1/2-1/2"]
[ECO "E63"]
[WhiteElo "2533"]
[BlackElo "2314"]
[Annotator "ChessBase"]
[PlyCount "54"]
[EventDate "2018.08.12"]
[EventType "swiss"]
[EventCountry "BEL"]
[SourceTitle "playchess.com"]
[Source "ChessBase"]
[SourceQuality "1"]
[TimeControl "5400+30"]

1. d4 Nf6 2. Nf3 g6 3. c4 Bg7 4. g3 O-O 5. Bg2 d6 6. Nc3 Nc6 7. O-O a6 8. Re1 Rb8 9. Rb1 b5 10. cxb5 axb5 11. b4 e6 12. e4 Ne7 13. Bg5 h6 14. Bxf6 Bxf6 15. Qe2 Bg7 16. Rbc1 Bd7 17. e5 Bc6 18. Ne4 Bxe4 19. Qxe4 Nd5 20. Qb1 Ra8 21. Nd2 dxe5 22. dxe5 Ra4 23. Bxd5 Qxd5 24. Ne4 Qxa2 25. Qxa2 Rxa2 26. Nf6+ Bxf6 27. exf6 Ra4 1/2-1/2

[Event "Bruges Masters 2018"]
[Site "Brugge"]
[Date "2018.08.16"]
[Round "5"]
[White "Korneev, Oleg"]
[Black "Baba, Masahiro"]
[Result "1-0"]
[ECO "B90"]
[WhiteElo "2513"]
[BlackElo "2306"]
[Annotator "ChessBase"]
[PlyCount "97"]
[EventDate "2018.08.12"]
[EventType "swiss"]
[EventCountry "BEL"]
[SourceTitle "playchess.com"]
[Source "ChessBase"]
[SourceQuality "1"]
[TimeControl "5400+30"]

1. e4 c5 2. Nf3 d6 3. d4 cxd4 4. Nxd4 Nf6 5. Nc3 a6 6. Be3 e5 7. Nf3 Qc7 8. a4 Be7 9. Be2 O-O 10. O-O b6 11. Nh4 g6 12. Nf3 Bb7 13. Qd3 Nbd7 14. Nd2 Rac8 15. Bf3 Nc5 16. Qc4 Qd8 17. Qa2 Ne6 18. Qb3 Nd4 19. Bxd4 exd4 20. Ne2 d5 21. exd5 Nxd5 22. Nxd4 Qd7 23. Rfd1 Nf4 24. Bxb7 Qxb7 25. Qf3 Qc7 26. Ne4 Rfd8 27. g3 Nh3+ 28. Kg2 Ng5 29. Nxg5 Bxg5 30. h4 Bh6 31. c3 Bg7 32. Nc2 Qc4 33. Ne3 Qb3 34. Nd5 Re8 35. Rd2 Re6 36. Qf4 a5 37. Ra3 Qc4 38. Qxc4 Rxc4 39. b3 Rce4 40. Raa2 h5 41. Rd3 Bh6 42. Nc7 Rc6 43. Nb5 Kg7 44. Rd6 Rxd6 45. Nxd6 Re6 46. Nb5 g5 47. Nd4 Re1 48. hxg5 Bxg5 49. Nf3 1-0

[Event "Bruges Masters 2018"]
[Site "Brugge"]
[Date "2018.08.16"]
[Round "5"]
[White "Dgebuadze, Alexandre"]
[Black "Zeng, Chongsheng"]
[Result "0-1"]
[ECO "D02"]
[WhiteElo "2511"]
[BlackElo "2539"]
[Annotator "ChessBase"]
[PlyCount "110"]
[EventDate "2018.08.12"]
[EventType "swiss"]
[EventCountry "BEL"]
[SourceTitle "playchess.com"]
[Source "ChessBase"]
[SourceQuality "1"]
[TimeControl "5400+30"]

1. Nf3 Nf6 2. d4 g6 3. g3 Bg7 4. Bg2 O-O 5. O-O d5 6. c3 b6 7. Ne5 Bb7 8. Nd2 c5 9. a4 Nc6 10. Ndf3 Na5 11. b4 cxb4 12. cxb4 Nc4 13. Qb3 Rc8 14. Bh3 e6 15. Bg5 h6 16. Bxf6 Bxf6 17. Nd3 Qd6 18. Rfc1 Rc7 19. Ra2 Rfc8 20. Rac2 Bc6 21. Nde5 Be8 22. Nd3 Bg7 23. e3 g5 24. Bf1 f6 25. Rc3 Bf8 26. Be2 Bg6 27. b5 h5 28. h4 g4 29. Nfe1 e5 30. Qa2 Bh6 31. dxe5 fxe5 32. Nb2 Nxe3 33. Rxc7 Rxc7 34. Rxc7 Qxc7 35. fxe3 Bxe3+ 36. Kh2 Qc5 37. Nd1 Bg1+ 38. Kh1 Be4+ 39. Ng2 Be3 40. a5 Bd4 41. axb6 Qb4 42. Kh2 Bxb6 43. Nde3 Qd4 44. Qa6 Qc3 45. Nc4 dxc4 46. Qc8+ Kg7 47. Qd7+ Kh6 48. Qd6+ Bg6 49. Qf8+ Kh7 50. Qe7+ Kg8 51. Qf6 Bf7 52. Nf4 Qe3 53. Qg5+ Kf8 54. Qh6+ Ke7 55. Qg5+ Ke8 0-1